Sabres vs Avalanche

Created - March 15 2011 at 18:11

Goals
1 2 3 T
Sabres 1 1 2 4
Avalanche 4 1 0 5
Shots
1 2 3 T
Sabres 7 11 8 26
Avalanche 20 5 9 34

Period #1

1. Avalanche , Shawn Horcoff 5 (Ian Laperriere, Joe Corvo) at 1:46
2. Sabres , Tyler Myers 13 (Teemu Selanne, Ryan Kesler) at 6:10 (PP)
3. Avalanche , Mike Knuble 30 (T.J. Oshie) at 9:19
4. Avalanche , Mike Knuble 31 (Vaclav Prospal) at 12:07 (PP)
5. Avalanche , Dustin Penner 23 (Tyler Bozak, Kevin Klein) at 16:11

Penalties :
T.J. Oshie (COL) for Hooking (Minor) at 5:42, Mike Knuble (COL) for Roughing (Minor) at 6:25, Ryan Kesler (BUF) for High sticking (Minor) at 9:48, Tyler Myers (BUF) for High sticking (Minor) at 10:54, Kyle Quincey (BUF) for Holding (Minor) at 13:34, Luke Schenn (BUF) for Interference (Minor) at 16:37

Period #2

6. Sabres , Kyle Quincey 12 (James Neal, Teemu Selanne) at 3:14 (PP)
7. Avalanche , Shawn Horcoff 6 (Antti Miettinen, Joe Corvo) at 18:41

Penalties :
T.J. Oshie (COL) for Tripping (Minor) at 0:42, Ian Laperriere (COL) for Slashing (Minor) at 1:37, Kevin Klein (COL) for Hooking (Minor) at 3:37, Luke Schenn (BUF) for Goalie Interference (Minor) at 8:51, Johan Franzen (BUF) for Hooking (Minor) at 11:42

Period #3

8. Sabres , Teemu Selanne 30 (Ryan Kesler, James Neal) at 5:57 (PP)
9. Sabres , Troy Brouwer 12 (David Legwand) at 8:03

Penalties :
Troy Brouwer (BUF) for Slashing (Minor) at 1:35, Kevin Klein (COL) for Interference (Minor) at 4:43, T.J. Oshie (COL) for Cross-checking (Minor) at 8:39, Mike Richards (BUF) for Holding (Minor) at 9:22, Ian Laperriere (COL) for High sticking (Minor) at 13:38, Troy Brouwer (BUF) for Roughing (Minor) at 18:03

Goalie Stats

Evgeni Nabokov (BUF), 20 saves from 25 shots - (0.800), L, 24-22-8, 38:41 minutes
Martin Biron (BUF), 9 saves from 9 shots - (1.000), 21:19 minutes
Antti Niemi (COL), 22 saves from 26 shots - (0.846), W, 21-19-2, 60:00 minutes

Players Stats

Sabres
Player Name              G  A  P  +/- PIM S  H  SB FO    MP 
------------------------------------------------------------
Brian Gionta             0  0  0   0  0   0  0  0  0/1   20 
Chris Phillips           0  0  0  -2  0   0  0  1  0/0   21 
David Legwand            0  1  1  -2  0   1  0  0  12/18 16 
Devin Setoguchi          0  0  0  -2  0   0  0  0  0/1   7  
Eric Fehr                0  0  0   0  0   1  0  0  1/3   11 
James Neal               0  2  2  -1  0   0  4  0  1/3   18 
Jeff Schultz             0  0  0  -1  0   1  2  3  0/0   16 
Johan Franzen            0  0  0  -2  2   1  2  0  0/0   11 
Kyle Quincey             1  0  1  -1  2   2  2  0  0/0   20 
Luke Schenn              0  0  0   0  4   0  2  2  0/0   12 
Mike Richards            0  0  0  -1  2   6  1  0  17/35 21 
Ryan Kesler              0  2  2   0  2   1  0  0  17/34 21 
Teemu Selanne            1  2  3  -1  0   4  0  0  0/0   15 
Trevor Daley             0  0  0   0  0   1  0  2  0/0   19 
Troy Brouwer             1  0  1   0  4   4  2  0  0/0   16 
Tuomo Ruutu              0  0  0   0  0   1  0  1  0/0   7  
Tyler Myers              1  0  1   0  2   3  1  1  0/0   21 
Victor Hedman            0  0  0  -2  0   0  0  0  0/0   11 
Avalanche
Player Name              G  A  P  +/- PIM S  H  SB FO    MP 
------------------------------------------------------------
Antti Miettinen          0  1  1   2  0   1  0  0  0/0   9  
Cal Clutterbuck          0  0  0  -1  0   1  2  0  0/0   11 
Cam Barker               0  0  0  -1  0   1  0  0  0/0   12 
Daniel Paille            0  0  0  -1  0   0  0  0  1/3   13 
Dustin Penner            1  0  1   1  0   5  0  0  0/0   15 
Ian Laperriere           0  1  1   2  4   2  3  0  0/0   10 
James Vandermeer         0  0  0   1  0   0  2  0  0/0   16 
Joe Corvo                0  2  2   3  0   3  1  2  0/0   23 
Joni Pitkanen            0  0  0   2  0   2  0  2  0/0   15 
Kevin Klein              0  1  1   1  4   0  1  0  0/0   21 
Mike Knuble              2  0  2   1  2   9  3  0  2/4   19 
Shawn Horcoff            2  0  2   2  0   3  0  2  11/21 15 
Sheldon Souray           0  0  0   0  0   0  0  0  0/0   8  
T.J. Oshie               0  1  1   2  6   1  2  0  3/3   14 
Tyler Bozak              0  1  1   0  0   2  0  0  16/29 21 
Vaclav Prospal           0  1  1   0  0   2  2  0  14/35 24 
Wade Redden              0  0  0   0  0   2  3  1  0/0   22 
Wojtek Wolski            0  0  0   1  0   0  0  0  0/0   17 

3 Stars

1 - Shawn Horcoff (COL)
2 - Mike Knuble (COL)
3 - Joe Corvo (COL)

Power Play

Sabres - 3 on 8 Attempt(s) - 37.50%
Avalanche - 1 on 9 Attempt(s) - 11.11%

Penalty Kill

Sabres - 8 on 9 Attempt(s) - 88.89% - Score 0 goal in Penalty Kill
Avalanche - 5 on 8 Attempt(s) - 62.50% - Score 0 goal in Penalty Kill

Game Notes

The goal is going for a video replay. After video review, No Goal.
Martin Biron enters game at 18:41 of 2nd period

Finance

Level 1 -- Attendance: 5838 (89.82%) -- Ticket Income $525,420.00
Level 2 -- Attendance: 3545 (70.90%) -- Ticket Income $212,700.00
Level 3 -- Attendance: 3083 (88.09%) -- Ticket Income $107,905.00
Level 4 -- Attendance: 1898 (94.57%) -- Ticket Income $47,450.00
Luxury Box -- Attendance: 1000 (100.00%) -- Ticket Income $190,000.00
Game was played at the Pepsi Center
Total Attendance: 15364 (85.32%)
Total Ticket Income: $1,128,075.00
Other Income: $200,008.50
Total Income: $1,328,084.00


Play by Play

Period #1

0:01 of 1st period - Ryan Kesler wins face-off versus Vaclav Prospal in neutral zone.
0:59 of 1st period - Icing by Dustin Penner.
1:00 of 1st period - David Legwand wins face-off versus Tyler Bozak in Avalanche zone.
1:27 of 1st period - Trevor Daley is hit by T.J. Oshie and loses puck.
1:46 of 1st period - Shot by Shawn Horcoff.
1:46 of 1st period - Goal by Shawn Horcoff - Sabres : 0 - Avalanche : 1.
1:47 of 1st period - Tyler Bozak wins face-off versus Mike Richards in neutral zone.
1:54 of 1st period - Shot by Teemu Selanne.
1:54 of 1st period - Stopped by Antti Niemi without a rebound.
1:55 of 1st period - Mike Richards wins face-off versus Vaclav Prospal in Avalanche zone.
1:55 of 1st period - Kyle Quincey is hit by Joe Corvo.
2:13 of 1st period - Icing by Jeff Schultz.
2:14 of 1st period - Daniel Paille wins face-off versus Mike Richards in Sabres zone.
2:59 of 1st period - Shot by Mike Knuble.
2:59 of 1st period - Stopped by Evgeni Nabokov with a rebound.
3:01 of 1st period - Shot by Vaclav Prospal.
3:01 of 1st period - Stopped by Evgeni Nabokov without a rebound.
3:02 of 1st period - Ryan Kesler wins face-off versus Vaclav Prospal in Sabres zone.
3:26 of 1st period - Icing by Joe Corvo.
3:27 of 1st period - David Legwand wins face-off versus Vaclav Prospal in Avalanche zone.
4:08 of 1st period - Shot by Tyler Bozak.
4:08 of 1st period - Stopped by Evgeni Nabokov without a rebound.
4:09 of 1st period - Ryan Kesler wins face-off versus Shawn Horcoff in Sabres zone.
4:50 of 1st period - Shot by Antti Miettinen.
4:50 of 1st period - Deflect By Ian Laperriere.
4:50 of 1st period - Shot Blocked by Chris Phillips.
5:08 of 1st period - Shot by Wade Redden.
5:08 of 1st period - Stopped by Evgeni Nabokov without a rebound.
5:09 of 1st period - Mike Richards wins face-off versus Tyler Bozak in Sabres zone.
5:42 of 1st period - Minor Penalty to T.J. Oshie for Hooking.
5:43 of 1st period - Mike Richards wins face-off versus Daniel Paille in Avalanche zone.
6:02 of 1st period - Shot by Johan Franzen.
6:02 of 1st period - Shot Misses the Net.
6:04 of 1st period - Shot by Trevor Daley.
6:04 of 1st period - Shot Misses the Net.
6:06 of 1st period - Shot by Trevor Daley.
6:06 of 1st period - Stopped by Antti Niemi without a rebound.
6:07 of 1st period - Ryan Kesler wins face-off versus Vaclav Prospal in Avalanche zone.
6:08 of 1st period - Shot by Teemu Selanne.
6:08 of 1st period - Shot Misses the Net.
6:10 of 1st period - Shot by Tyler Myers.
6:10 of 1st period - Goal by Tyler Myers - Sabres : 1 - Avalanche : 1.
6:11 of 1st period - David Legwand wins face-off versus Vaclav Prospal in neutral zone.
6:22 of 1st period - Shot by Wojtek Wolski.
6:22 of 1st period - Shot Misses the Net.
6:25 of 1st period - Minor Penalty to Mike Knuble for Roughing.
6:26 of 1st period - Ryan Kesler wins face-off versus Vaclav Prospal in Avalanche zone.
6:29 of 1st period - Shot by Teemu Selanne.
6:29 of 1st period - Stopped by Antti Niemi without a rebound.
6:30 of 1st period - Vaclav Prospal wins face-off versus Ryan Kesler in Avalanche zone.
7:01 of 1st period - Shot by Ryan Kesler.
7:01 of 1st period - Shot Misses the Net.
7:05 of 1st period - Shot by Teemu Selanne.
7:05 of 1st period - Shot Misses the Net.
8:09 of 1st period - Icing by Tyler Myers.
8:10 of 1st period - Vaclav Prospal wins face-off versus Ryan Kesler in Sabres zone.
8:35 of 1st period - Off-side.
8:36 of 1st period - Tyler Bozak wins face-off versus David Legwand in neutral zone.
9:09 of 1st period - Devin Setoguchi is hit by Vaclav Prospal and loses puck.
9:13 of 1st period - Icing by Chris Phillips.
9:14 of 1st period - T.J. Oshie wins face-off versus Devin Setoguchi in Sabres zone.
9:19 of 1st period - Shot by Mike Knuble.
9:19 of 1st period - Goal by Mike Knuble - Sabres : 1 - Avalanche : 2.
9:20 of 1st period - Mike Richards wins face-off versus Shawn Horcoff in neutral zone.
9:42 of 1st period - Shot by James Neal.
9:42 of 1st period - Deflect By Mike Richards.
9:42 of 1st period - Stopped by Antti Niemi without a rebound.
9:43 of 1st period - Vaclav Prospal wins face-off versus Ryan Kesler in Avalanche zone.
9:45 of 1st period - Icing by Mike Knuble.
9:46 of 1st period - Vaclav Prospal wins face-off versus Ryan Kesler in Avalanche zone.
9:48 of 1st period - Minor Penalty to Ryan Kesler for High sticking.
9:49 of 1st period - Tyler Bozak wins face-off versus James Neal in Sabres zone.
9:56 of 1st period - Shot by Joe Corvo.
9:56 of 1st period - Stopped by Evgeni Nabokov without a rebound.
9:57 of 1st period - Mike Richards wins face-off versus Vaclav Prospal in Sabres zone.
9:57 of 1st period - Mike Richards is hit by Vaclav Prospal.
10:54 of 1st period - Minor Penalty to Tyler Myers for High sticking.
10:55 of 1st period - Mike Richards wins face-off versus Tyler Bozak in Sabres zone.
11:38 of 1st period - Shot by Sheldon Souray.
11:38 of 1st period - Shot Misses the Net.
11:40 of 1st period - Shot by Wade Redden.
11:40 of 1st period - The goal is going for a video replay.
11:40 of 1st period - The goal is refused.
11:41 of 1st period - Vaclav Prospal wins face-off versus Mike Richards in Sabres zone.
12:07 of 1st period - Shot by Mike Knuble.
12:07 of 1st period - Goal by Mike Knuble - Sabres : 1 - Avalanche : 3.
12:08 of 1st period - David Legwand wins face-off versus Tyler Bozak in neutral zone.
12:27 of 1st period - Shot by Eric Fehr.
12:27 of 1st period - Deflect By Troy Brouwer.
12:27 of 1st period - Stopped by Antti Niemi with a rebound.
12:32 of 1st period - Tyler Bozak is hit by Luke Schenn and loses puck.
12:43 of 1st period - Shot by Tyler Bozak.
12:43 of 1st period - Deflect By Cal Clutterbuck.
12:43 of 1st period - Stopped by Evgeni Nabokov with a rebound.
12:59 of 1st period - Shot by Ian Laperriere.
12:59 of 1st period - Shot Misses the Net.
13:01 of 1st period - Shot by Ian Laperriere.
13:01 of 1st period - Shot Misses the Net.
13:03 of 1st period - Shot by Kevin Klein.
13:03 of 1st period - Shot Misses the Net.
13:08 of 1st period - Shot by Ian Laperriere.
13:08 of 1st period - Stopped by Evgeni Nabokov without a rebound.
13:09 of 1st period - Ryan Kesler wins face-off versus Vaclav Prospal in Sabres zone.
13:17 of 1st period - Off-side.
13:18 of 1st period - Mike Richards wins face-off versus Tyler Bozak in neutral zone.
13:34 of 1st period - Minor Penalty to Kyle Quincey for Holding.
13:35 of 1st period - Mike Knuble wins face-off versus Mike Richards in Sabres zone.
14:38 of 1st period - Shot by Dustin Penner.
14:38 of 1st period - Deflect By Tyler Bozak.
14:38 of 1st period - Stopped by Evgeni Nabokov without a rebound.
14:39 of 1st period - Shawn Horcoff wins face-off versus Ryan Kesler in Sabres zone.
14:40 of 1st period - Shot by T.J. Oshie.
14:40 of 1st period - Shot Misses the Net.
14:44 of 1st period - Shot by T.J. Oshie.
14:44 of 1st period - Shot Blocked by Trevor Daley.
14:46 of 1st period - Shot by Shawn Horcoff.
14:46 of 1st period - Shot Misses the Net.
14:50 of 1st period - Shot by Dustin Penner.
14:50 of 1st period - Stopped by Evgeni Nabokov without a rebound.
14:51 of 1st period - Vaclav Prospal wins face-off versus Ryan Kesler in Sabres zone.
14:56 of 1st period - Shot by Mike Knuble.
14:56 of 1st period - Stopped by Evgeni Nabokov with a rebound.
14:58 of 1st period - Shot by Sheldon Souray.
14:58 of 1st period - Shot Misses the Net.
15:00 of 1st period - Shot by Mike Knuble.
15:00 of 1st period - Stopped by Evgeni Nabokov without a rebound.
15:01 of 1st period - Tyler Bozak wins face-off versus Mike Richards in Sabres zone.
15:11 of 1st period - Off-side.
15:12 of 1st period - Vaclav Prospal wins face-off versus Ryan Kesler in neutral zone.
15:33 of 1st period - Shot by Mike Knuble.
15:33 of 1st period - Stopped by Evgeni Nabokov without a rebound.
15:34 of 1st period - Shawn Horcoff wins face-off versus David Legwand in Sabres zone.
15:45 of 1st period - Victor Hedman is hit by Ian Laperriere.
15:49 of 1st period - Shot by Joe Corvo.
15:49 of 1st period - Shot Misses the Net.
15:51 of 1st period - Shot by Shawn Horcoff.
15:51 of 1st period - Shot Misses the Net.
15:55 of 1st period - Shot by Joe Corvo.
15:55 of 1st period - Deflect By Shawn Horcoff.
15:55 of 1st period - Shot Misses the Net.
15:57 of 1st period - Shot by Ian Laperriere.
15:57 of 1st period - Stopped by Evgeni Nabokov without a rebound.
15:58 of 1st period - Tyler Bozak wins face-off versus Mike Richards in Sabres zone.
15:58 of 1st period - T.J. Oshie is hit by Jeff Schultz and loses puck.
16:09 of 1st period - Shot by Dustin Penner.
16:09 of 1st period - Stopped by Evgeni Nabokov with a rebound.
16:11 of 1st period - Shot by Dustin Penner.
16:11 of 1st period - Goal by Dustin Penner - Sabres : 1 - Avalanche : 4.
16:12 of 1st period - Tyler Bozak wins face-off versus Eric Fehr in neutral zone.
16:12 of 1st period - Tyler Bozak is hit by Troy Brouwer.
16:21 of 1st period - Cal Clutterbuck is hit by Luke Schenn and loses puck.
16:37 of 1st period - Minor Penalty to Luke Schenn for Interference.
16:38 of 1st period - Vaclav Prospal wins face-off versus Ryan Kesler in Sabres zone.
16:49 of 1st period - Mike Richards is hit by Mike Knuble and loses puck.
17:17 of 1st period - Wojtek Wolski is hit by Kyle Quincey.
17:31 of 1st period - Shot by Joni Pitkanen.
17:31 of 1st period - Stopped by Evgeni Nabokov without a rebound.
17:32 of 1st period - T.J. Oshie wins face-off versus Mike Richards in Sabres zone.
18:52 of 1st period - Shot by Shawn Horcoff.
18:52 of 1st period - Shot Blocked by Luke Schenn.
18:54 of 1st period - Shot by Ian Laperriere.
18:54 of 1st period - Shot Misses the Net.
18:56 of 1st period - Shot by Shawn Horcoff.
18:56 of 1st period - Shot Blocked by Luke Schenn.
19:45 of 1st period - Icing by Kevin Klein.
19:46 of 1st period - Mike Richards wins face-off versus Tyler Bozak in Avalanche zone.
19:47 of 1st period - Shot by Teemu Selanne.
19:47 of 1st period - Shot Misses the Net.
19:49 of 1st period - Shot by Jeff Schultz.
19:49 of 1st period - Stopped by Antti Niemi without a rebound.
19:50 of 1st period - Ryan Kesler wins face-off versus Vaclav Prospal in Avalanche zone.

Period #2

0:01 of 2nd period - Ryan Kesler wins face-off versus Vaclav Prospal in neutral zone.
0:28 of 2nd period - Shot by Tuomo Ruutu.
0:28 of 2nd period - Shot Blocked by Joe Corvo.
0:32 of 2nd period - Shot by Ryan Kesler.
0:32 of 2nd period - Shot Misses the Net.
0:36 of 2nd period - Shot by Ryan Kesler.
0:36 of 2nd period - Stopped by Antti Niemi without a rebound.
0:37 of 2nd period - Tyler Bozak wins face-off versus James Neal in Avalanche zone.
0:37 of 2nd period - Tyler Bozak is hit by James Neal.
0:42 of 2nd period - Minor Penalty to T.J. Oshie for Tripping.
0:43 of 2nd period - Shawn Horcoff wins face-off versus Mike Richards in Avalanche zone.
1:05 of 2nd period - Shot by Brian Gionta.
1:05 of 2nd period - Shot Blocked by Wade Redden.
1:37 of 2nd period - Minor Penalty to Ian Laperriere for Slashing.
1:38 of 2nd period - Ryan Kesler wins face-off versus Vaclav Prospal in Avalanche zone.
1:47 of 2nd period - Shot by Ryan Kesler.
1:47 of 2nd period - Shot Blocked by Joni Pitkanen.
2:28 of 2nd period - Shot by Victor Hedman.
2:28 of 2nd period - Shot Misses the Net.
2:30 of 2nd period - Shot by Mike Richards.
2:30 of 2nd period - Stopped by Antti Niemi without a rebound.
2:31 of 2nd period - Mike Knuble wins face-off versus Mike Richards in Avalanche zone.
2:31 of 2nd period - Mike Knuble is hit by Mike Richards.
2:53 of 2nd period - Shot by Mike Richards.
2:53 of 2nd period - Stopped by Antti Niemi without a rebound.
2:54 of 2nd period - Shawn Horcoff wins face-off versus Ryan Kesler in Avalanche zone.
2:54 of 2nd period - Shawn Horcoff is hit by James Neal.
3:12 of 2nd period - Shot by Kyle Quincey.
3:12 of 2nd period - Shot Blocked by Joe Corvo.
3:14 of 2nd period - Shot by Kyle Quincey.
3:14 of 2nd period - Goal by Kyle Quincey - Sabres : 2 - Avalanche : 4.
3:15 of 2nd period - David Legwand wins face-off versus Shawn Horcoff in neutral zone.
3:23 of 2nd period - Off-side.
3:24 of 2nd period - David Legwand wins face-off versus Tyler Bozak in neutral zone.
3:24 of 2nd period - David Legwand is hit by Cal Clutterbuck.
3:37 of 2nd period - Minor Penalty to Kevin Klein for Hooking.
3:38 of 2nd period - Ryan Kesler wins face-off versus Shawn Horcoff in Avalanche zone.
3:45 of 2nd period - Shot by James Neal.
3:45 of 2nd period - Shot Misses the Net.
3:47 of 2nd period - Shot by Tyler Myers.
3:47 of 2nd period - Shot Misses the Net.
3:49 of 2nd period - Shot by Tyler Myers.
3:49 of 2nd period - Stopped by Antti Niemi without a rebound.
3:50 of 2nd period - Mike Richards wins face-off versus Vaclav Prospal in Avalanche zone.
4:17 of 2nd period - Shot by Mike Richards.
4:17 of 2nd period - Shot Misses the Net.
4:19 of 2nd period - Shot by Victor Hedman.
4:19 of 2nd period - Shot Misses the Net.
4:21 of 2nd period - Shot by Brian Gionta.
4:21 of 2nd period - Shot Misses the Net.
4:49 of 2nd period - Shot by Tyler Myers.
4:49 of 2nd period - Stopped by Antti Niemi without a rebound.
4:50 of 2nd period - Ryan Kesler wins face-off versus Shawn Horcoff in Avalanche zone.
4:53 of 2nd period - Shot by James Neal.
4:53 of 2nd period - Shot Blocked by Shawn Horcoff.
4:55 of 2nd period - Shot by Kyle Quincey.
4:55 of 2nd period - Stopped by Antti Niemi without a rebound.
4:56 of 2nd period - Mike Richards wins face-off versus Vaclav Prospal in Avalanche zone.
5:03 of 2nd period - Shot by Mike Richards.
5:03 of 2nd period - Stopped by Antti Niemi without a rebound.
5:04 of 2nd period - Shawn Horcoff wins face-off versus Ryan Kesler in Avalanche zone.
6:24 of 2nd period - Tyler Bozak is hit by Troy Brouwer.
7:40 of 2nd period - Shot by Vaclav Prospal.
7:40 of 2nd period - Shot Misses the Net.
7:44 of 2nd period - Shot by Mike Knuble.
7:44 of 2nd period - Deflect By Wojtek Wolski.
7:44 of 2nd period - Shot Misses the Net.
7:46 of 2nd period - Shot by Mike Knuble.
7:46 of 2nd period - Shot Blocked by Tuomo Ruutu.
7:48 of 2nd period - Shot by Vaclav Prospal.
7:48 of 2nd period - Shot Misses the Net.
7:53 of 2nd period - Icing by Jeff Schultz.
7:54 of 2nd period - Ryan Kesler wins face-off versus Vaclav Prospal in Sabres zone.
8:51 of 2nd period - Minor Penalty to Luke Schenn for Goalie Interference.
8:52 of 2nd period - Shawn Horcoff wins face-off versus Ryan Kesler in Sabres zone.
9:13 of 2nd period - Icing by Dustin Penner.
9:14 of 2nd period - Mike Richards wins face-off versus Shawn Horcoff in Avalanche zone.
10:07 of 2nd period - Shot by Vaclav Prospal.
10:07 of 2nd period - Stopped by Evgeni Nabokov without a rebound.
10:08 of 2nd period - Tyler Bozak wins face-off versus Ryan Kesler in Sabres zone.
10:28 of 2nd period - Shot by Joe Corvo.
10:28 of 2nd period - Shot Misses the Net.
10:30 of 2nd period - Shot by Tyler Bozak.
10:30 of 2nd period - Shot Hit the Post.
10:34 of 2nd period - Shot by Dustin Penner.
10:34 of 2nd period - Shot Misses the Net.
10:36 of 2nd period - Shot by Joe Corvo.
10:36 of 2nd period - Stopped by Evgeni Nabokov without a rebound.
10:37 of 2nd period - Vaclav Prospal wins face-off versus Ryan Kesler in Sabres zone.
11:20 of 2nd period - Shot by Antti Miettinen.
11:20 of 2nd period - Stopped by Evgeni Nabokov without a rebound.
11:21 of 2nd period - David Legwand wins face-off versus Tyler Bozak in Sabres zone.
11:42 of 2nd period - Minor Penalty to Johan Franzen for Hooking.
11:43 of 2nd period - Vaclav Prospal wins face-off versus Brian Gionta in Sabres zone.
12:08 of 2nd period - Shot by Vaclav Prospal.
12:08 of 2nd period - Shot Blocked by Jeff Schultz.
12:10 of 2nd period - Shot by Wojtek Wolski.
12:10 of 2nd period - Deflect By Mike Knuble.
12:10 of 2nd period - Shot Blocked by Tyler Myers.
12:14 of 2nd period - Shot by Wade Redden.
12:14 of 2nd period - Shot Blocked by Jeff Schultz.
12:16 of 2nd period - Shot by Wojtek Wolski.
12:16 of 2nd period - Shot Misses the Net.
13:44 of 2nd period - Shot by Vaclav Prospal.
13:44 of 2nd period - Shot Misses the Net.
13:52 of 2nd period - Vaclav Prospal is hit by Johan Franzen and loses puck.
13:57 of 2nd period - Shot by Johan Franzen.
13:57 of 2nd period - Stopped by Antti Niemi with a rebound.
13:59 of 2nd period - Shot by Trevor Daley.
13:59 of 2nd period - Shot Misses the Net.
14:03 of 2nd period - Shot by Devin Setoguchi.
14:03 of 2nd period - Shot Misses the Net.
14:05 of 2nd period - Shot by Trevor Daley.
14:05 of 2nd period - Shot Misses the Net.
14:07 of 2nd period - Shot by David Legwand.
14:07 of 2nd period - Stopped by Antti Niemi without a rebound.
14:08 of 2nd period - Ryan Kesler wins face-off versus Shawn Horcoff in Avalanche zone.
14:26 of 2nd period - Shot by Shawn Horcoff.
14:26 of 2nd period - Deflect By Ian Laperriere.
14:26 of 2nd period - Shot Misses the Net.
14:30 of 2nd period - Shot by Ian Laperriere.
14:30 of 2nd period - Shot Blocked by Jeff Schultz.
14:34 of 2nd period - Shot by Antti Miettinen.
14:34 of 2nd period - Shot Misses the Net.
14:48 of 2nd period - Shot by Teemu Selanne.
14:48 of 2nd period - Shot Misses the Net.
15:04 of 2nd period - Shot by Troy Brouwer.
15:04 of 2nd period - Stopped by Antti Niemi without a rebound.
15:05 of 2nd period - Vaclav Prospal wins face-off versus David Legwand in Avalanche zone.
16:09 of 2nd period - Shot by Dustin Penner.
16:09 of 2nd period - Shot Misses the Net.
16:13 of 2nd period - Shot by Tyler Bozak.
16:13 of 2nd period - Shot Hit the Post.
16:15 of 2nd period - Shot by James Vandermeer.
16:15 of 2nd period - Shot Blocked by Trevor Daley.
17:27 of 2nd period - Shot by Kyle Quincey.
17:27 of 2nd period - Shot Misses the Net.
17:51 of 2nd period - Shot by Mike Knuble.
17:51 of 2nd period - Stopped by Evgeni Nabokov without a rebound.
17:52 of 2nd period - David Legwand wins face-off versus Vaclav Prospal in Sabres zone.
17:54 of 2nd period - Victor Hedman is hit by Mike Knuble and loses puck.
18:30 of 2nd period - Ian Laperriere is hit by Johan Franzen and loses puck.
18:37 of 2nd period - Shot by Antti Miettinen.
18:37 of 2nd period - Shot Misses the Net.
18:41 of 2nd period - Shot by Shawn Horcoff.
18:41 of 2nd period - Goal by Shawn Horcoff - Sabres : 2 - Avalanche : 5.
18:41 of 2nd period - Martin Biron enters game.
18:42 of 2nd period - Mike Richards wins face-off versus Tyler Bozak in neutral zone.
18:52 of 2nd period - Icing by Kyle Quincey.
18:53 of 2nd period - Mike Richards wins face-off versus Tyler Bozak in Sabres zone.
19:09 of 2nd period - Icing by Teemu Selanne.
19:10 of 2nd period - Shawn Horcoff wins face-off versus Mike Richards in Sabres zone.
19:30 of 2nd period - Shawn Horcoff is hit by Jeff Schultz and loses puck.
19:54 of 2nd period - Icing by Joe Corvo.
19:55 of 2nd period - Shawn Horcoff wins face-off versus Ryan Kesler in Avalanche zone.

Period #3

0:01 of 3rd period - Ryan Kesler wins face-off versus Vaclav Prospal in neutral zone.
0:03 of 3rd period - Tuomo Ruutu is hit by Wade Redden and loses puck.
0:20 of 3rd period - Shot by Mike Knuble.
0:20 of 3rd period - Shot Hit the Post.
0:27 of 3rd period - Brian Gionta is hit by Wade Redden and loses puck.
0:51 of 3rd period - Icing by Joe Corvo.
0:52 of 3rd period - David Legwand wins face-off versus Vaclav Prospal in Avalanche zone.
1:10 of 3rd period - Icing by Trevor Daley.
1:11 of 3rd period - David Legwand wins face-off versus Tyler Bozak in Sabres zone.
1:35 of 3rd period - Minor Penalty to Troy Brouwer for Slashing.
1:36 of 3rd period - Tyler Bozak wins face-off versus Mike Richards in Sabres zone.
3:44 of 3rd period - Shot by Shawn Horcoff.
3:44 of 3rd period - Stopped by Martin Biron without a rebound.
3:45 of 3rd period - Eric Fehr wins face-off versus Daniel Paille in Sabres zone.
3:45 of 3rd period - Eric Fehr is hit by T.J. Oshie.
3:56 of 3rd period - Icing by Kevin Klein.
3:57 of 3rd period - T.J. Oshie wins face-off versus David Legwand in Avalanche zone.
4:21 of 3rd period - Off-side.
4:22 of 3rd period - Mike Richards wins face-off versus Shawn Horcoff in neutral zone.
4:22 of 3rd period - Jeff Schultz is hit by Ian Laperriere.
4:43 of 3rd period - Shot by Mike Richards.
4:43 of 3rd period - Stopped by Antti Niemi without a rebound.
4:43 of 3rd period - Minor Penalty to Kevin Klein for Interference.
4:44 of 3rd period - Shawn Horcoff wins face-off versus Mike Richards in Avalanche zone.
5:08 of 3rd period - Trevor Daley is hit by Ian Laperriere.
5:53 of 3rd period - Shot by Teemu Selanne.
5:53 of 3rd period - Shot Blocked by Joni Pitkanen.
5:57 of 3rd period - Shot by Teemu Selanne.
5:57 of 3rd period - Goal by Teemu Selanne - Sabres : 3 - Avalanche : 5.
5:58 of 3rd period - Tyler Bozak wins face-off versus Eric Fehr in neutral zone.
6:31 of 3rd period - Shot by Troy Brouwer.
6:31 of 3rd period - Shot Misses the Net.
6:33 of 3rd period - Shot by Troy Brouwer.
6:33 of 3rd period - Stopped by Antti Niemi without a rebound.
6:34 of 3rd period - Ryan Kesler wins face-off versus Vaclav Prospal in Avalanche zone.
6:34 of 3rd period - Ryan Kesler is hit by Wade Redden.
6:48 of 3rd period - Shot by Vaclav Prospal.
6:48 of 3rd period - Deflect By Mike Knuble.
6:48 of 3rd period - Stopped by Martin Biron with a rebound.
7:07 of 3rd period - Shot by Ryan Kesler.
7:07 of 3rd period - Shot Misses the Net.
7:09 of 3rd period - Shot by Brian Gionta.
7:09 of 3rd period - Shot Misses the Net.
7:38 of 3rd period - Icing by Kyle Quincey.
7:39 of 3rd period - Tyler Bozak wins face-off versus Mike Richards in Sabres zone.
7:40 of 3rd period - Shot by Cam Barker.
7:40 of 3rd period - Stopped by Martin Biron without a rebound.
7:41 of 3rd period - Tyler Bozak wins face-off versus David Legwand in Sabres zone.
8:03 of 3rd period - Shot by Troy Brouwer.
8:03 of 3rd period - Goal by Troy Brouwer - Sabres : 4 - Avalanche : 5.
8:04 of 3rd period - Tyler Bozak wins face-off versus Mike Richards in neutral zone.
8:18 of 3rd period - James Neal is hit by Kevin Klein and loses puck.
8:24 of 3rd period - Icing by Dustin Penner.
8:25 of 3rd period - David Legwand wins face-off versus Tyler Bozak in Avalanche zone.
8:39 of 3rd period - Minor Penalty to T.J. Oshie for Cross-checking.
8:40 of 3rd period - Shawn Horcoff wins face-off versus Ryan Kesler in Avalanche zone.
9:19 of 3rd period - Shot by Teemu Selanne.
9:19 of 3rd period - Stopped by Antti Niemi without a rebound.
9:20 of 3rd period - Mike Richards wins face-off versus Shawn Horcoff in Avalanche zone.
9:21 of 3rd period - Shot by Brian Gionta.
9:21 of 3rd period - Shot Blocked by Shawn Horcoff.
9:22 of 3rd period - Minor Penalty to Mike Richards for Holding.
9:23 of 3rd period - Tyler Bozak wins face-off versus David Legwand in Sabres zone.
9:28 of 3rd period - Shot by Dustin Penner.
9:28 of 3rd period - Stopped by Martin Biron without a rebound.
9:29 of 3rd period - Vaclav Prospal wins face-off versus Ryan Kesler in Sabres zone.
9:34 of 3rd period - Shot by Mike Knuble.
9:34 of 3rd period - Stopped by Martin Biron with a rebound.
9:46 of 3rd period - Shot by Brian Gionta.
9:46 of 3rd period - Shot Misses the Net.
10:11 of 3rd period - Brian Gionta is hit by James Vandermeer and loses puck.
10:35 of 3rd period - Shot by Dustin Penner.
10:35 of 3rd period - Stopped by Martin Biron without a rebound.
10:36 of 3rd period - James Neal wins face-off versus Tyler Bozak in Sabres zone.
10:47 of 3rd period - Jeff Schultz is hit by Mike Knuble and loses puck.
11:08 of 3rd period - Shot by Sheldon Souray.
11:08 of 3rd period - Shot Misses the Net.
11:51 of 3rd period - Shot by Johan Franzen.
11:51 of 3rd period - Shot Misses the Net.
11:53 of 3rd period - Shot by Victor Hedman.
11:53 of 3rd period - Shot Misses the Net.
12:44 of 3rd period - Icing by Kyle Quincey.
12:45 of 3rd period - Mike Richards wins face-off versus Vaclav Prospal in Sabres zone.
13:02 of 3rd period - Shot by Mike Richards.
13:02 of 3rd period - Stopped by Antti Niemi with a rebound.
13:26 of 3rd period - Mike Knuble is hit by Tyler Myers.
13:38 of 3rd period - Minor Penalty to Ian Laperriere for High sticking.
13:39 of 3rd period - Mike Richards wins face-off versus Shawn Horcoff in Avalanche zone.
14:23 of 3rd period - Icing by Ryan Kesler.
14:24 of 3rd period - Ryan Kesler wins face-off versus Vaclav Prospal in Sabres zone.
16:09 of 3rd period - Shot by Mike Richards.
16:09 of 3rd period - Deflect By Devin Setoguchi.
16:09 of 3rd period - Shot Misses the Net.
16:11 of 3rd period - Shot by Tuomo Ruutu.
16:11 of 3rd period - Stopped by Antti Niemi without a rebound.
16:12 of 3rd period - Tyler Bozak wins face-off versus Ryan Kesler in Avalanche zone.
16:12 of 3rd period - Tyler Bozak is hit by James Neal.
16:42 of 3rd period - Joni Pitkanen is hit by James Neal and loses puck.
17:01 of 3rd period - Shot by Troy Brouwer.
17:01 of 3rd period - Shot Misses the Net.
17:03 of 3rd period - Shot by Eric Fehr.
17:03 of 3rd period - Stopped by Antti Niemi without a rebound.
17:04 of 3rd period - Ryan Kesler wins face-off versus Mike Knuble in Avalanche zone.
17:36 of 3rd period - Icing by Kevin Klein.
17:37 of 3rd period - David Legwand wins face-off versus Mike Knuble in Avalanche zone.
17:37 of 3rd period - Eric Fehr is hit by James Vandermeer and loses puck.
18:03 of 3rd period - Minor Penalty to Troy Brouwer for Roughing.
18:04 of 3rd period - Shawn Horcoff wins face-off versus Mike Richards in Sabres zone.
19:01 of 3rd period - Shot by Joni Pitkanen.
19:01 of 3rd period - Stopped by Martin Biron with a rebound.
19:05 of 3rd period - Shot by Joe Corvo.
19:05 of 3rd period - Stopped by Martin Biron without a rebound.
19:06 of 3rd period - Tyler Bozak wins face-off versus Mike Richards in Sabres zone.
19:06 of 3rd period - T.J. Oshie is hit by Kyle Quincey.
19:10 of 3rd period - Shot by T.J. Oshie.
19:10 of 3rd period - Stopped by Martin Biron without a rebound.
19:11 of 3rd period - Vaclav Prospal wins face-off versus Mike Richards in Sabres zone.
19:26 of 3rd period - Off-side.
19:27 of 3rd period - Vaclav Prospal wins face-off versus Mike Richards in neutral zone.
19:30 of 3rd period - Mike Richards is hit by Cal Clutterbuck and loses puck.


Output by the SimonT Hockey Simulator (STHS) for Stephane Roy -- Original Page W3C XHTML 1.0 Valid